 Dungeon Crawl Stone Soup version 0.30-a0-137-gd8773701ce (webtiles) character file.

Game seed: 11012935180704991889

16032 juncz the Fighter (level 12, -1/99 HPs)
             Began as a Djinni Conjurer on Sept 21, 2022.
             Was a Priest of Makhleb.
             Slain by a cyclops (28 damage)
             ... on level 13 of the Dungeon.
             The game lasted 00:28:39 (14974 turns).

juncz the Fighter (Djinni Conjurer)                Turns: 14974, Time: 00:28:40

Health: -1/99      AC:  6    Str:  4    XL:     12   Next: 65%
Gold:   921        EV: 12    Int: 25    God:    Makhleb [***...] SH:  5 Dex: 18

rFire   + + .      SeeInvis .    D - +6 falchion of Inquiry {drain, Fragile rF+ Dex+6}
rCold   . . .      Faith    .    (no shield)
rNeg    . . .      Spirit   .    J - +0 steam dragon scales
rPois   ∞          Reflect  +    h - +0 helmet
rElec   .          Harm     .    (no cloak)
rCorr   .          Rampage  .    (no gloves)
Will    ++...                    (boots unavailable)
Stlth   ++........               e - amulet of reflection
HPRegen 0.26/turn                x - ring of willpower
MPRegen 0.00/turn                M - ring of ice

@: flying, unable to read
A: sickness immunity, fire resistance 2, cold vulnerability 1, float, innate
caster, HP casting, extra vitality 1, weak 1, inability to read after injury 1
a: Renounce Religion, Minor Destruction, Lesser Servant of Makhleb


You were on level 13 of the Dungeon.
You worshipped Makhleb.
Makhleb was most pleased with you.
You visited 2 branches of the dungeon, and saw 14 of its levels.

You collected 921 gold pieces.

Inventory:

Hand Weapons
 D - the +6 falchion of Inquiry (weapon) {drain, Fragile rF+ Dex+6}
   (You found it on level 5 of the Dungeon)

   A truly terrible weapon, it drains the life of any living foe it strikes.
   Dex:       It affects your dexterity (+6).
   rF:        It protects you from fire.
   Fragile:   It will be destroyed if unequipped.
Armour
 f - a +0 troll leather armour
 h - a +0 helmet (worn)
 p - a +0 buckler
 J - +0 steam dragon scales (worn)
Jewellery
 e - an amulet of reflection (around neck)
 g - a +4 ring of evasion
 u - a ring of see invisible
 v - a ring of fire
 x - a ring of willpower (left hand)
 z - a +6 ring of strength
 F - a ring of protection from fire
 M - a ring of ice (right hand)
Wands
 A - a wand of polymorph (25)
 G - a wand of iceblast (13)
 H - a wand of acid (8)
 I - a wand of mindburst (14)
 L - a wand of flame (11)
Scrolls
 a - 2 scrolls of identify
 d - 5 scrolls of enchant weapon
 i - 4 scrolls of teleportation
 o - a scroll of poison
 r - 4 scrolls of enchant armour
 w - a scroll of magic mapping
 C - a scroll of brand weapon
 P - 2 scrolls of blinking
Potions
 b - 4 potions of haste
 c - 4 potions of brilliance
 j - 2 potions of invisibility
 k - 4 potions of heal wounds
 l - 3 potions of mutation
 m - 3 potions of attraction {unknown}
 n - a potion of flight {unknown}
 q - a potion of lignification {unknown}
 s - 3 potions of might {unknown}
 t - 5 potions of curing {unknown}
 B - a potion of resistance
Miscellaneous
 y - a box of beasts


   Skills:
 + Level 13.9 Fighting
 - Level 2.1 Dodging
 - Level 1.5 Stealth
 + Level 11.4 Spellcasting


You had 6 spell levels left.
You knew the following spells:

 Your Spells              Type           Power      Damage    Failure   Level
a - Magic Dart            Conj           100%       1d8       1%          1
b - Searing Ray           Conj           100%       2d8       1%          2
c - Dazzling Flash        Conj/Hex       100%       N/A       1%          3
d - Fulminant Prism       Conj/Hex       32%        3d16      1%          4
e - Iskenderun's Mystic   Conj/Tloc      64%        2d13      1%          4
f - Sandblast             Erth           100%       2d20      1%          1
g - Ensorcelled Hibernat  Hex/Ice        100%       N/A       1%          2
h - Ozocubu's Armour      Ice            82%        N/A       1%          3
i - Stone Arrow           Conj/Erth      100%       3d13      1%          3
j - Ice Form              Ice/Tmut       82%        N/A       1%          4
Your spell library was empty.

Dungeon Overview and Level Annotations

Branches:
Dungeon (13/15)            Temple (1/1) D:7            Lair (0/5) D:9
    Orc (0/2) D:12
 Vaults: D:13-14

Altars:
Ashenzari
Cheibriados
Dithmenos
Elyvilon
Fedhas
Gozag
Hepliaklqana
Makhleb
Nemelex Xobeh
Okawaru
Qazlal
Ru
Trog
Uskayaw
Wu Jian
Xom
Yredelemnul
Zin
The Shining One

Shops:
D:3 (   D:7 (

Portals:
Trove: D:11 (give 6 scrolls of fog)


Innate Abilities, Weirdness & Mutations

You are immune to sickness and miasma.
You are immune to poison.
Your flesh is very heat resistant. (rF++)
You are vulnerable to cold. (rC-)
You float through the air rather than walking.
You learn spells naturally, not from books.
Your magical power is your life essence.
You have superior vitality. (+4 MHP)
You are weak. (Str -2)
You occasionally lose the ability to read scrolls when taking damage.


Message History

Confirm with . or Enter, or press ? or * to list all spells.
You erupt in a blast of force!
The mystic blast hits the cyclops!
The cyclops is moderately wounded.
The cyclops is knocked back by the mystic blast.
The cyclops collides with the large slime creature!
The large slime creature is severely wounded.
The cyclops is moderately wounded.
Casting: Iskenderun's Mystic Blast (safe; 1% risk of failure)
Confirm with . or Enter, or press ? or * to list all spells.
You erupt in a blast of force!
The mystic blast hits the cyclops.
The cyclops is heavily wounded.
A large slime creature splits.
Casting: Iskenderun's Mystic Blast (safe; 1% risk of failure)
Confirm with . or Enter, or press ? or * to list all spells.
You erupt in a blast of force!
The mystic blast hits the large slime creature!
The large slime creature is severely wounded.
The large slime creature is knocked back by the mystic blast.
The large slime creature collides with the slime creature!
The slime creature is severely wounded.
The large slime creature is almost dead.
The mystic blast hits the cyclops!!
The cyclops is almost dead.
You block the cyclops's attack.
Two slime creatures merge to form a very large slime creature.
Two slime creatures merge to form an enormous slime creature.
Casting: Iskenderun's Mystic Blast (safe; 1% risk of failure)
Confirm with . or Enter, or press ? or * to list all spells.
You erupt in a blast of force!
The mystic blast hits the enormous slime creature!
The enormous slime creature is almost dead.
The enormous slime creature is knocked back by the mystic blast.
The enormous slime creature slams into the rock wall!
The enormous slime creature is almost dead.
The mystic blast hits the cyclops but does no damage.
The cyclops is almost dead.
* * * LOW HITPOINT WARNING * * *
The cyclops hits you!!
You feel threatened and lose the ability to read scrolls!
You die...

###
..#
##.##
...
#.#
#<#
#@#
#C#
#.#
.J.
.#.
.. .#
## .#
.#


You could see an enormous slime creature and a cyclops.

Vanquished Creatures
  A slime creature (D:13)
  A two-headed ogre (D:11)
  The ghost of snackwell the Jinx, a journeyman SpEn of Hepliaklqana (D:9)
  A deep elf pyromancer (D:12)
  2 cyclopes
  A manticore (D:11)
  3 kobold demonologists (D:11)
  3 trolls
  2 polar bears (D:11)
  Sigmund (D:3)
  A shadow (D:12)
  2 wraiths
  A neqoxec (D:9)
  27 yaks
  4 steam dragons
  Eustachio (D:5)
  4 vampire mosquitoes (D:12)
  Menkaure (D:6)
  3 wargs (D:9)
  Edmund (D:6)
  2 acid dragons (D:11)
  A water moccasin (D:8)
  2 black bears
  2 orc warriors (D:9)
  A swamp drake (D:12)
  2 sky beasts
  3 ogres
  2 centaurs
  A phantom (D:3)
  3 bullfrogs (D:8)
  3 kobold brigands
  Blork the orc (D:5)
  2 scorpions (D:5)
  2 necrophages (D:6)
  4 gnoll sergeants
  4 wights (D:9)
  A howler monkey (D:7)
  A vampire bat (D:5)
  3 quasits (D:9)
  5 hounds
  3 jellies
  7 orc priests
  2 gnoll boudas
  An iguana (D:4)
  11 orc wizards
  Jessica (D:3)
  Natasha (thrice) (D:2)
  Terence (D:3)
  22 gnolls
  7 adders
  A white imp (D:5)
  A worm (D:2)
  2 dart slugs
  3 fire bats (D:5)
  49 orcs
  2 spectral bats (D:5)
  3 bat skeletons (D:5)
  A bat zombie (D:5)
  10 endoplasms
  3 giant cockroaches
  12 goblins
  6 hobgoblins
  4 quokkas
  5 ball pythons (D:2)
  13 bats
  A bat simulacrum (D:5)
  2 frilled lizards
  21 kobolds
  8 rats
311 creatures vanquished.

Vanquished Creatures (others)
  3 fungi (D:6)
3 creatures vanquished.

Grand Total: 314 creatures vanquished

Notes
Turn   | Place    | Note
-------+----------+-------------------------------------------
     0 | D:1      | juncz the Djinni Conjurer began the quest for the Orb.
     0 | D:1      | juncz set off with the following spells memorised: Magic
                  | Dart, Searing Ray, Dazzling Flash, Fulminant Prism,
                  | Iskenderun's Mystic Blast.
     0 | D:1      | Reached XP level 1. HP: 15/15 MP: 0/0
   240 | D:1      | Reached skill level 1 in Fighting
   240 | D:1      | Reached XP level 2. HP: 21/22 MP: 0/0
   738 | D:1      | Found a faded altar of an unknown god.
  1349 | D:2      | Reached XP level 3. HP: 26/27 MP: 0/0
  1349 | D:2      | Learned a level 1 spell: Sandblast
  1765 | D:2      | Reached skill level 2 in Fighting
  1895 | D:2      | Reached XP level 4. HP: 32/33 MP: 0/0
  2196 | D:2      | Noticed Natasha
  2198 | D:2      | Killed Natasha
  2430 | D:2      | Reached XP level 5. HP: 39/40 MP: 0/0
  2430 | D:2      | Learned a level 2 spell: Ensorcelled Hibernation
  2645 | D:2      | Noticed Natasha
  2652 | D:2      | Killed Natasha
  2653 | D:2      | Reached skill level 3 in Fighting
  3246 | D:2      | Noticed Natasha
  3250 | D:2      | Killed Natasha
  3335 | D:3      | Noticed Sigmund
  3346 | D:3      | Killed Sigmund
  3347 | D:3      | Reached skill level 4 in Fighting
  3347 | D:3      | Reached XP level 6. HP: 40/47 MP: 0/0
  3667 | D:3      | Reached XP level 7. HP: 50/53 MP: 0/0
  3667 | D:3      | Learned a level 3 spell: Ozocubu's Armour
  3765 | D:3      | Found a glowing golden altar of the Shining One.
  3765 | D:3      | Found a bloodstained altar of Trog.
  3765 | D:3      | Found a broken altar of Ashenzari.
  3793 | D:3      | Found a hazy altar of Hepliaklqana.
  3848 | D:3      | Found Vetyis's Antique Weapon Shop.
  3948 | D:3      | Reached skill level 5 in Spellcasting
  4123 | D:3      | Noticed Jessica
  4123 | D:3      | Noticed Terence
  4137 | D:3      | Killed Terence
  4138 | D:3      | Killed Jessica
  4139 | D:3      | Reached skill level 5 in Fighting
  4394 | D:3      | Found a basalt altar of Yredelemnul.
  4398 | D:3      | Found a shimmering altar of Xom.
  4398 | D:3      | Found an iron altar of Okawaru.
  4407 | D:3      | Found a snail-covered altar of Cheibriados.
  4410 | D:3      | Found a blossoming altar of Fedhas.
  4878 | D:4      | Found a hide-covered altar of Uskayaw.
  5074 | D:4      | Reached XP level 8. HP: 59/60 MP: 0/0
  5392 | D:5      | Entered Level 5 of the Dungeon
  5599 | D:5      | Identified the +1 ring mail of Soufy {rElec rC+ Will+}
  5607 | D:5      | Noticed Eustachio
  5619 | D:5      | Killed Eustachio
  5620 | D:5      | Reached skill level 6 in Fighting
  6447 | D:5      | Reached skill level 7 in Fighting
  6581 | D:5      | Identified the +6 falchion of Inquiry {drain, Fragile rF+
                  | Dex+6}
  6638 | D:5      | Noticed Blork the orc
  6645 | D:5      | Killed Blork the orc
  6799 | D:5      | Reached XP level 9. HP: 63/68 MP: 0/0
  6799 | D:5      | Learned a level 3 spell: Stone Arrow
  6918 | D:6      | Noticed Menkaure
  6922 | D:6      | Killed Menkaure
  7698 | D:6      | Reached skill level 8 in Fighting
  7821 | D:6      | Noticed Edmund
  7843 | D:6      | Killed Edmund
  8638 | D:7      | Found a staircase to the Ecumenical Temple.
  8659 | Temple   | Entered the Ecumenical Temple
  8805 | Temple   | Became a worshipper of Makhleb the Destroyer
  8831 | D:7      | Reached skill level 9 in Fighting
  8835 | D:7      | Reached XP level 10. HP: 72/78 MP: 0/0
  8869 | D:7      | Found Jeits's Weapon Shop.
  9094 | D:7      | Reached skill level 10 in Fighting
  9704 | D:8      | Found an ornate altar of the Wu Jian Council.
  9706 | D:8      | Found a stormy altar of Qazlal.
  9707 | D:8      | Found a sacrificial altar of Ru.
  9900 | D:8      | Reached * piety under Makhleb
 10744 | D:9      | Reached skill level 11 in Fighting
 10748 | D:9      | Reached XP level 11. HP: 71/87 MP: 0/0
 10748 | D:9      | Learned a level 4 spell: Ice Form
 10874 | D:9      | Found a staircase to the Lair.
 10881 | D:9      | Reached ** piety under Makhleb
 11354 | D:9      | Found a transporter.
 11358 | D:9      | Noticed snackwell's ghost (journeyman SpEn)
 11373 | D:9      | Found a transporter.
 11680 | D:9      | Gained mutation: You are weak. (Str -2) [a neqoxec]
 11681 | D:9      | Gained mutation: You occasionally lose the ability to read
                  | scrolls when taking damage. [a neqoxec]
 11692 | D:9      | Killed snackwell's ghost
 11693 | D:9      | Reached skill level 12 in Fighting
 11693 | D:9      | Reached skill level 10 in Spellcasting
 12133 | D:10     | Entered Level 10 of the Dungeon
 12581 | D:10     | You are sucked into a shaft and drop 2 floors!
 13179 | D:11     | Noticed a two-headed ogre
 13186 | D:11     | Killed a two-headed ogre
 13203 | D:11     | Found a portal to a secret trove of treasure.
 13294 | D:11     | Reached XP level 12. HP: 91/96 MP: 0/0
 13295 | D:11     | Reached *** piety under Makhleb
 13296 | D:11     | Reached skill level 13 in Fighting
 13445 | D:11     | Found a bloodstained altar of Trog.
 14438 | D:12     | Found a staircase to the Orcish Mines.
 14974 | D:13     | Slain by a cyclops

Illustrated notes

Levels and vault maps discovered:
D:1:      minmay_arrival_plants_in_alcoves, layout_basic,
          ebering_ecumenical_altar_abandoned
D:2:      minmay_kobold_bridge, layout_loops_corners, minmay_heptomino_w4,
          uniq_natasha
D:3:      layout_basic, minmay_overflow_temple_star_hex,
          lemuel_coloured_pillars_altar, gammafunk_temple_overflow_claw,
          serial_shops, nicolae_shop_trees, grunt_decor_one_mirror,
          minmay_tree_intersection, uniq_jessica, uniq_sigmund, uniq_terence
D:4:      layout_loops_ring, mainiacjoe_overflow_tiny_flanked,
          minmay_misc_feat_doors
D:5:      layout_loops_ring, tgw_sif, goddamned_bats, uniq_eustachio
D:6:      kennysheep_steamy, layout_cave_pools, nicolae_elevator_lobby_plus,
          uniq_edmund, uniq_menkaure
D:7:      layout_cave_pools, minmay_temple_entry_statues_pillars, serial_shops,
          nicolae_shop_statue_plus
D:8:      layout_gridville, grunt_temple_overflow_open,
          nicolae_figureground_pulse
D:9:      layout_rooms, erik_lair_orcish_takeover, gammafunk_ghost_stat_death
D:10:     layout_gridville
D:11:     layout_rooms, nicolae_trove_entry_free_sample, minmay_misc_feat_roman,
          nicolae_sextant, trog_ov_bears_minmay
D:12:     layout_long_grid, erik_orc_1
D:13:     layout_loops_ring, skrybe_vaults_entry_preservation
Temple:   nicolae_temple_bog_church

Skill      XL: |  1  2  3  4  5  6  7  8  9 10 11 12 |
---------------+-------------------------------------+-----
Fighting       | 1 2 4 5 7 9 11 12 13 | 13.9
Spellcasting   | 4 5 6 7 9 10 11 | 11.4
Dodging        | |  2.1
Stealth        | |  1.5

Action                   |  1- 3 |  4- 6 |  7- 9 | 10-12 || total
-------------------------+-------+-------+-------+-------++-------
Melee: Unarmed           |       |       |     1 |       ||     1
       Falchion          |       |       |     1 |     2 ||     3
 Cast: Magic Dart        |    43 |     5 |     5 |     5 ||    58
       Sandblast         |    23 |    37 |   150 |    62 ||   272
       Ensorcelled Hiber |       |     1 |     1 |       ||     2
       Stone Arrow       |       |       |    15 |       ||    15
       Iskenderun's Myst |       |       |     3 |   166 ||   169
       Ice Form          |       |       |       |     1 ||     1
  Use: Scroll            |       |       |       |    18 ||    18
Armor: Robe              |     2 |       |    18 |       ||    20
       Steam dragon scal |       |       |       |    18 ||    18
Dodge: Dodged            |     3 |     1 |    50 |    49 ||   103
Block: Other             |     2 |       |    18 |    16 ||    36
       Reflection        |     2 |       |       |     1 ||     3

Table legend: (Time is in decaauts)
 A = Elapsed time spent in this place.
 B = Non-inter-level travel time spent in this place.
 C = Inter-level travel time spent in this place.
 D = Time resting spent in this place.
 E = Time spent auto-exploring this place.
 F = Levels seen in this place.
 G = Mean time per level.
                   A        B        C        D        E       F      G
               +--------+--------+--------+--------+--------+-----+--------+
         Total |  15110 |  14141 |    969 |   3170 |   9431 |  14 | 1079.3 |
       Dungeon |  14949 |  14013 |    936 |   3170 |   9307 |  13 | 1149.9 |
        Temple |    160 |    127 |     33 |      0 |    124 |   1 |  160.0 |
               +--------+--------+--------+--------+--------+-----+--------+

Top non-repeatable levels by time:
     D:5: 2013 daAuts
     D:2: 1975 daAuts
     D:3: 1490 daAuts
     D:9: 1394 daAuts
    D:12: 1383 daAuts
     D:1: 1304 daAuts
     D:6: 1224 daAuts
     D:8: 1052 daAuts
    D:11: 987 daAuts
     D:7: 972 daAuts
     D:4: 672 daAuts
    D:10: 456 daAuts
  Temple: 160 daAuts
    D:13: 21 daAuts
